 Dungeon Crawl Stone Soup version 0.25.1-2-g60ff931df9 (webtiles) character file.

Game seed: 5202071310891170538

1205 funkygono the Cudgeler (level 8, -1/51 HPs)
             Began as a Gargoyle Monk on Oct 23, 2020.
             Splashed by a jelly's acid (10 damage)
             ... on level 5 of the Dungeon.
             The game lasted 00:10:44 (4101 turns).

funkygono the Cudgeler (Gargoyle Monk)              Turns: 4101, Time: 00:10:45

Health: -1/51      AC: 14    Str: 17    XL:     8   Next: 45%
Magic:  8/8        EV:  8    Int: 11    God:
Gold:   190        SH:  0    Dex: 12    Spells: 7/7 levels left

rFire    + . .     SeeInvis .   a - +1 mace
rCold    . . .     Gourm    .   (no shield)
rNeg     + . .     Faith    .   o - +3 chain mail {rF+}
rPois    ∞         Spirit   .   (no helmet)
rElec    +         Reflect  .   (no cloak)
rCorr    .         Harm     .   (no gloves)
MR       +....                  (no boots)
Stlth    ..........             (no amulet)
HPRegen  0.17/turn              l - ring of protection from magic
MPRegen  0.11/turn              (no ring)

@: corroded
A: negative energy resistance 1, electricity resistance, unbreathing,
petrification resistance, rot immunity, AC +5
a: no special abilities


You were on level 5 of the Dungeon.
You were not hungry.

You visited 1 branch of the dungeon, and saw 5 of its levels.

You collected 190 gold pieces.

Inventory:

Hand Weapons
 a - a +1 mace (weapon)
 b - a +0 shortbow
 x - the +8 trident of the Ecumenical Temple {vorpal, rF+ rC++ rN++}
   (You found it on level 4 of the Dungeon)

   It inflicts extra damage upon your enemies.
   It protects you from fire.
   It greatly protects you from cold.
   It greatly protects you from negative energy.
Missiles
 f - 67 stones (quivered)
 i - 63 arrows
Armour
 o - a +3 chain mail of fire resistance (worn)
Magical Staves
 t - an uncursed staff of fire
Jewellery
 l - a ring of protection from magic (left hand)
Wands
 e - a wand of digging (5)
Scrolls
 h - 2 scrolls of teleportation
 q - a scroll of amnesia
 v - a scroll of remove curse
 w - a scroll of random uselessness {unknown}
Potions
 d - a potion of flight {unknown}
 g - a potion of heal wounds {unknown}
 j - a potion of stabbing {unknown}
 k - a potion of resistance {unknown}
 m - a potion of degeneration {unknown}
 n - 2 potions of haste
 p - a potion of ambrosia {unknown}
 r - 2 potions of curing
 s - a potion of magic {unknown}
Comestibles
 c - 6 rations
 u - 4 chunks of flesh


   Skills:
 + Level 5.6 Fighting
 + Level 7.5 Maces & Flails
 + Level 1.8 Bows
 + Level 4.0 Armour
 + Level 3.6 Dodging
 - Level 2.1 Stealth


You had 7 spell levels left.
You didn't know any spells.
Your spell library contained the following spells:

 Spells                   Type           Power        Failure   Level  Hunger
 Sting                    Tmut/Pois      #...         99%         1    ##.....
 Poisonous Vapours        Pois/Air       #.....       100%        2    ###....
 Ignite Poison            Fire/Tmut/Pois #.......     100%        3    ####...
 Mephitic Cloud           Conj/Pois/Air  #.......     100%        3    ####...
 Olgreb's Toxic Radiance  Pois           #.......     100%        4    #####..


Dungeon Overview and Level Annotations

Branches:
Dungeon (5/15)
 Temple: D:4-7

Altars:
Hepliaklqana
Qazlal
Sif Muna

Shops:
D:4 %:*!(


Innate Abilities, Weirdness & Mutations

You are resistant to torment.
Your stone body is resilient. (AC +5)
You are immune to poison.
You resist negative energy. (rN+)
You are resistant to electric shocks. (rElec)
You can survive without breathing.
You are immune to petrification.
You are immune to rotting.


Message History

You sock the jelly!
Your hands burn!
* * * LOW HITPOINT WARNING * * *
The jelly is heavily wounded.
The jelly closely misses you.
You hit the jelly but do no damage.
Your hands burn!
* * * LOW HITPOINT WARNING * * *
The jelly is heavily wounded.
The jelly hits you but does no damage.
You hit the jelly.
Your hands burn!
* * * LOW HITPOINT WARNING * * *
The jelly is severely wounded.
The jelly hits you but does no damage.
The crimson imp hits you but does no damage.
You hit the jelly.
Your hands burn!
* * * LOW HITPOINT WARNING * * *
The jelly is severely wounded.
The jelly hits you.
* * * LOW HITPOINT WARNING * * *
The acid corrodes you!
You are splashed with acid!
You die...

...... #)# ##...##
#. ((.... #.###>.###
#. ...... #)#...##
#.
......###)..######
....................
........##>#########
..(.....#..#
......(.J5.###
..(...###@...##..
.....#.#......$#
...###.#'#...### ..
#..:..#.....# .
###.###.#.#..
#.#...#.##. ###..##
# .....## ####.##


You could see a jelly and a crimson imp.

Vanquished Creatures
  Sigmund (D:3)
  Duvessa (D:4)
  2 ice beasts (D:5)
  An ogre (D:5)
  A centaur (D:5)
  A water moccasin zombie (D:5)
  Dowan (D:4)
  A scorpion (D:5)
  A bullfrog zombie (D:5)
  2 hounds
  An iguana (D:5)
  Terence (D:2)
  4 orc wizards (D:5)
  3 worker ants
  3 adders
  A shadow imp (D:5)
  3 worms
  2 dart slugs
  A leopard gecko (D:4)
  8 orcs
  A ball python (D:2)
  4 giant cockroaches
  7 goblins
  9 hobgoblins
  8 jackals
  2 quokkas
  6 bats
  6 frilled lizards
  5 kobolds
  A quokka skeleton (D:3)
  9 rats
97 creatures vanquished.

Vanquished Creatures (others)
  2 orc wizards (D:5)
2 creatures vanquished.

Grand Total: 99 creatures vanquished

Notes
Turn   | Place    | Note
-------+----------+-------------------------------------------
     0 | D:1      | funkygono the Gargoyle Monk began the quest for the Orb.
     0 | D:1      | Reached XP level 1. HP: 14/14 MP: 1/1
   460 | D:1      | Reached XP level 2. HP: 19/19 MP: 2/2
  1231 | D:2      | Reached XP level 3. HP: 22/24 MP: 3/3
  1768 | D:2      | Reached XP level 4. HP: 29/29 MP: 4/4
  1774 | D:2      | Noticed Terence
  1785 | D:2      | Killed Terence
  1785 | D:2      | Reached skill level 1 in Armour
  1860 | D:2      | Found a stormy altar of Qazlal.
  2089 | D:3      | Noticed Sigmund
  2117 | D:3      | Killed Sigmund
  2117 | D:3      | Reached skill level 4 in Maces & Flails
  2117 | D:3      | Reached XP level 5. HP: 19/34 MP: 5/5
  2117 | D:3      | Reached XP level 6. HP: 22/39 MP: 6/6
  2133 | D:3      | Reached skill level 5 in Maces & Flails
  2332 | D:3      | Found a faded altar of an unknown god.
  2387 | D:3      | Found a shimmering blue altar of Sif Muna.
  2564 | D:3      | Found a shimmering blue altar of Sif Muna.
  2685 | D:4      | Found Xohamuokomi's Distillery.
  2696 | D:4      | Found a hazy altar of Hepliaklqana.
  2709 | D:4      | Found Zeuluc's Book Emporium.
  2711 | D:4      | Noticed Dowan
  2746 | D:4      | Killed Dowan
  2767 | D:4      | Found Pisma's Assorted Antiques.
  2774 | D:4      | Noticed Duvessa
  2820 | D:4      | Killed Duvessa
  2820 | D:4      | Reached XP level 7. HP: 24/44 MP: 7/7
  3066 | D:4      | Found Hyghubio's Food Shop.
  3286 | D:4      | Got a bloodstained trident
  3306 | D:4      | Found Boxus's Weapon Shop.
  3407 | D:4      | Identified the +8 trident of the Ecumenical Temple {vorpal,
                  | rF+ rC++ rN++} (You found it on level 4 of the Dungeon)
  3422 | D:5      | Entered Level 5 of the Dungeon
  3445 | D:5      | Reached skill level 6 in Maces & Flails
  3653 | D:5      | Reached skill level 5 in Fighting
  3939 | D:5      | Reached XP level 8. HP: 49/49 MP: 8/8
  3952 | D:5      | Reached skill level 1 in Bows
  3961 | D:5      | Reached skill level 7 in Maces & Flails
  4079 | D:5      | Identified the Grimoire of Virous Clay
  4101 | D:5      | Splashed by a jelly's acid

Illustrated notes

Levels and vault maps discovered:
D:1:      ncdulo_smallfort, layout_basic, hangedman_abyss_or_decor_lesser_grid,
          minmay_misc_feat_ornament
D:2:      layout_loops_cross, nicolae_qazlal_general_emergency, uniq_terence
D:3:      layout_basic, old_standard_altar,
          chequers_ecumenical_altar_simple_redux, first_ration, led_sif_pool,
          uniq_sigmund
D:4:      layout_rooms, nicolae_overflow_hidden_temple, serial_shops,
          nicolae_shop_window_shopping,
          nicolae_shop_temple_entry_statues_fountains, shop,
          kennysheep_little_box, shop, uniq_duvessa
D:5:      layout_rooms, kennysheep_vampire_church, tso_metal_star,
          minmay_a_box_with_orc_wizards_in_it

Skill      XL: |  1  2  3  4  5  6  7  8 |
---------------+-------------------------+-----
Fighting       | 4 5 |  5.6
Armour         | 2 3 4 |  4.0
Dodging        | 3 |  3.6
Maces & Flails | 4 5 6 7 |  7.5
Bows           | 1 |  1.8
Stealth        | |  2.1

Action                   |  1- 3 |  4- 6 |  7- 9 || total
-------------------------+-------+-------+-------++-------
Melee: Mace              |   147 |   142 |   219 ||   508
 Fire: Shortbow          |       |       |    19 ||    19
Throw: Stone             |     1 |     1 |       ||     2
  Use: Scroll            |     4 |     2 |     3 ||     9
 Stab: Sleeping          |     1 |       |       ||     1
  Eat: Chunk             |     3 |     3 |     5 ||    11
Armor: Robe              |     5 |       |       ||     5
       Scale mail        |    75 |     1 |       ||    76
       Chain mail        |       |    93 |   153 ||   246
Dodge: Dodged            |    93 |    61 |    78 ||   232
